Cogmind - Beta 16 @@@ ROGUE MODE // 2025.11.05 @ 23:28:41 Player: Naughtyusername Result: Destroyed by D-53 Grenadier with Mini Grenade Launcher Performance ------------- Evolutions (0) 0 Regions Visited (2) 400 Robots Destroyed (30) 150 Value Destroyed (588) 588 Prototype IDs (0) 0 Alien Tech Used (0) 0 Bonus (0) 0 TOTAL SCORE: 1138 Bonus ------- None Cogmind --------- Core Integrity 0/250 Matter 290/300 Energy 88/100 System Corruption 0% Temperature Cool (1) Movement Treading (240) Ox1 Location -10/Mines Parts ------- > --- POWER (1) -------- (None) > --- PROPULSION (2) --- Light Treads > --- UTILITY (2) ------ Heat Sink Large Storage Unit > --- WEAPON (2) ------- (None) > --- INVENTORY (15) --- Light Ion Engine Heat Sink Seismic Detector Propulsion Shielding Light Armor Plating Light Armor Plating Light Armor Plating Small Laser Small Laser Grenade Launcher Peak State ------------ > --- POWER ------------ Ion Engine > --- PROPULSION ------- Light Treads Compact Wheel > --- UTILITY ---------- Heat Sink Large Storage Unit > --- WEAPON ----------- Small Laser Particle Gun > --- INVENTORY -------- Light Ion Engine Light Treads Heat Sink Seismic Detector Propulsion Shielding Light Armor Plating Light Armor Plating Light Armor Plating Small Laser Small Laser Grenade Launcher [Rating: 9] Favorites ----------- Power Ion Engine Engine Ion Engine Propulsion Light Treads Treads Light Treads Wheel Compact Wheel Utility Large Storage Unit Device Heat Sink Storage Large Storage Unit Weapon Light Assault Rifle Energy Gun Particle Gun Ballistic Gun Light Assault Rifle Build | -11 -10 -10 ------- Run | Yrd Mat Min Slots Evolved . | . . . Power . | . . . Propulsion . | . . . Utility . | . . . Weapon . | . . . Parts Attached 14 | 7 5 2 Power 2 | 1 . 1 Engine 2 | 1 . 1 Core . | . . . Reactor . | . . . Propulsion 4 | 2 1 1 Treads 3 | 2 . 1 Leg . | . . . Wheel 1 | . 1 . Hover . | . . . Flight . | . . . Utility 4 | 2 2 . Device 2 | 1 1 . Storage 2 | 1 1 . Processor . | . . . Hackware . | . . . Protection . | . . . Artifact . | . . . Weapon 4 | 2 2 . Energy Gun 2 | . 2 . Energy Cannon . | . . . Ballistic Gun 2 | 2 . . Ballistic Cannon . | . . . Launcher . | . . . Special Weapon . | . . . Impact Weapon . | . . . Slashing Weapon . | . . . Piercing Weapon . | . . . Special Melee Weapon . | . . . Unidentified Prototypes . | . . . Parts Lost 7 | . 2 5 Power 2 | . 1 1 Propulsion 3 | . 1 2 Utility . | . . . Weapon 2 | . . 2 Highest Loss Streak 5 | . 1 5 To Critical Strikes . | . . . Average Backups 4 | . 4 11 Power 1 | . 1 1 Propulsion . | . . 1 Utility 1 | . 2 6 Weapon . | . . 3 Tool/Special . | . . . Unused Backups 7 | . . 7 Power 1 | . . 1 Propulsion . | . . . Utility 3 | . . 3 Weapon 3 | . . 3 Tool/Special . | . . . Average Slot Usage (%) 92 | . 92 80 Engine 8 | . 8 9 Treads 23 | . 23 14 Wheel 4 | . 3 9 Device 12 | . 12 14 Storage 14 | . 14 14 Energy Gun 21 | . 21 18 Ballistic Gun 6 | . 6 . Peak Build Rating 9 | 7 8 9 Average Rating 6 | 5 7 7 On Entrance 5 | . 7 8 Avg Prop Armor Cover (%) 15 | . 16 14 Naked Turns . | . . . Heaviest Build 30 | 13 30 30 Greatest Support 40 | 40 40 20 Greatest Overweight (x) 1 | . 1 1 Average Overweight (x) . | . . 1 Largest Inventory Capacity 15 | 8 15 15 Average Capacity 13 | 7 14 15 Most Carried 12 | 1 12 11 Average Carried 4 | . 4 10 Final Capacity 15 | 8 15 15 Final Carried 12 | 1 12 10 Class Distribution -------------------- 76% | Mutant 23% | Scavenger-Mutant Dominant Class ---------------- Mutant | -10/Materials Mutant | -10/Mines Resources | -11 -10 -10 ----------- Run | Yrd Mat Min Matter Collected 439 | 324 115 . Remotely . | . . . Salvage Created 1005 | 197 808 . Parts 63 | 23 40 . Haulers Intercepted 2 | . 2 . Recyclers Shooed 1 | 1 . . Parts Field Recycled . | . . . Retrieved Matter . | . . . Parts Self-Destructed . | . . . Prevented . | . . . Parts Restored . | . . . Kills | -11 -10 -10 ------- Run | Yrd Mat Min Combat Hostiles Destroyed 19 | . 19 . Guns 18 | . 18 . Classes Destroyed 6 | 3 3 . Worker 2 | 2 . . Tunneler 5 | 5 . . Hauler 2 | . 2 . Recycler 2 | 1 1 . Swarmer 6 | . 6 . Grunt 13 | . 13 . Best Kill Streak 4 | 3 4 . Combat Bots Only 3 | . 3 . Max Kills in Single Turn 2 | 1 2 . Gunslinging . | . . . Exploded . | . . . Melee . | . . . Uniques/NPCs Destroyed . | . . . Combat | -11 -10 -10 -------- Run | Yrd Mat Min Hostile Shots Fired 90 | . 83 7 Missed 16 | . 16 . Hits 74 | . 67 7 Projectile 74 | . 67 7 AOE 7 | . . 7 Part Disruptions 1 | . 1 . Damage Taken 1050 | . 716 334 Core 295 | . 165 130 Absorbed by Shields . | . . . Core Remaining (%) 100 | 100 . . Volleys Fired 96 | 27 69 . Largest 2 | 2 2 . Hottest 105 | 40 105 . Shots Fired 191 | 54 137 . Gun 191 | 54 137 . Cannon . | . . . Launcher . | . . . Special . | . . . Kinetic 106 | 54 52 . Thermal 85 | . 85 . Explosive . | . . . Electromagnetic . | . . . Robot Hit Streak 13 | 6 13 . Robot Miss Streak 4 | 2 4 . Penetration Max . | . . . Secondary Targets 1 | . 1 . Max Gunslinging Chain 1 | . 1 . Shots Hit Robots 120 | 34 86 . Core Hits 55 | 17 38 . Critical Kills . | . . . Critical Parts Destroyed . | . . . Critical Strikes 1 | . 1 . Burn 1 | . 1 . Melee Attacks . | . . . Impact . | . . . Slashing . | . . . Piercing . | . . . Sneak Attacks . | . . . Combat Hostiles . | . . . Follow-up Attacks . | . . . Damage Inflicted 1315 | 273 1042 . Guns 1306 | 273 1033 . Cannons . | . . . Explosions . | . . . Melee . | . . . Ramming 9 | . 9 . Kinetic 535 | 273 262 . Thermal 771 | . 771 . Explosive . | . . . Electromagnetic . | . . . Impact . | . . . Slashing . | . . . Piercing . | . . . Highest Corruption . | . . . Average Corruption . | . . . Corruption Purged . | . . . Corruption Blocked . | . . . Overload Shots . | . . . Overflow Damage . | . . . Projectiles . | . . . Explosions . | . . . Melee . | . . . Knockbacks . | . . . Impact . | . . . Kinetic . | . . . Secondary . | . . . Self-Inflicted Damage . | . . . Shots . | . . . Rammed 3 | . 3 . Targets Rammed 3 | . 3 . Kicked . | . . . Crushed . | . . . Highest Temperature 135 | . 135 . Average Temperature 29 | . 29 . Received Heat Transfer 234 | . 234 . Siege Activations . | . . . Martial Activations . | . . . Shielding Activations . | . . . Robots Disrupted . | . . . Combat Hostiles . | . . . Robots Corrupted . | . . . Combat Hostiles . | . . . Parts Fried . | . . . Impact Corruptions . | . . . Robots Melted 1 | . 1 . Combat Hostiles 1 | . 1 . Parts Melted 1 | . 1 . Heat Transferred 1759 | . 1759 . Parts Sabotaged . | . . . Parts Stolen . | . . . Parts Stripped . | . . . Power Chain Reactions . | . . . Alert | -11 -10 -10 ------- Run | Yrd Mat Min Maximum Alert Level 1 | . 1 . Low Security (%) 82 | 100 78 100 Level 1 17 | . 21 . Level 2 . | . . . Level 3 . | . . . Level 4 . | . . . Level 5 . | . . . High Security . | . . . Max Security . | . . . Peak Influence 277 | 10 277 84 Initial 84 | . . 84 Average 102 | 2 124 70 Influence Increases 680 | 40 640 . Destroy 0b10 Robot/C 380 | . 380 . Destroy 0b10 Robot/NC 55 | 40 15 . Destroy Leader 84 | . 84 . Successful Hack 41 | . 41 . Select Force Hacks 60 | . 60 . Disable Machine 30 | . 30 . Lose Combat Pursuer 30 | . 30 . Influence Decreases 646 | 40 423 183 Entered New Map 133 | . . 133 Time Decay 443 | 40 403 . Lost Part 70 | . 20 50 Squads Dispatched 6 | . 6 . Investigation 5 | . 5 . Extermination . | . . . Reinforcement 1 | . 1 . Assault . | . . . Garrison . | . . . Intercept . | . . . Searches Triggered . | . . . Construction Impeded . | . . . Haulers Reinforced . | . . . Active Scanning Responses . | . . . Cargo Convoy Interrupts . | . . . Stealth | -11 -10 -10 --------- Run | Yrd Mat Min Distress Signals 1 | . 1 . Communications Jammed . | . . . Distress Signals . | . . . Times Spotted 34 | . 32 2 Peak Tracking Total 4 | . 4 2 Tactical Retreats 2 | . 2 . Traps | -11 -10 -10 ------- Run | Yrd Mat Min Traps Triggered 3 | . 3 . Indirectly . | . . . Trap Hack Attempts . | . . . Triggered . | . . . Disarmed . | . . . Reprogrammed . | . . . Reused . | . . . Traps Extracted . | . . . Installed . | . . . Triggered . | . . . Machines | -11 -10 -10 ---------- Run | Yrd Mat Min Machines Disabled 2 | . 2 . Max in Single Turn 1 | . 1 . Machines Repaired . | . . . Machines Dismantled . | . . . Machines Sabotaged . | . . . Overloaded Fab Kills . | . . . Hacking | -11 -10 -10 --------- Run | Yrd Mat Min Machines Accessed 9 | . 9 . Terminals 7 | . 7 . Fabricators . | . . . Repair Stations . | . . . Recycling Units 2 | . 2 . Scanalyzers . | . . . Garrison Access . | . . . Total Hacks 29 | . 29 . Successful 16 | . 16 . Failed 13 | . 13 . Catastrophic . | . . . Database Lockouts . | . . . Manual 27 | . 27 . Terminals 27 | . 27 . Fabricators . | . . . Repair Stations . | . . . Recycling Units 2 | . 2 . Scanalyzers . | . . . Garrison Access . | . . . Terminal Hacks 4 | . 4 . Robot Analysis 3 | . 3 . Terminal Index 1 | . 1 . Fabricator Hacks . | . . . Repair Station Hacks . | . . . Recycling Unit Hacks . | . . . Scanalyzer . | . . . Garrison Access Hacks . | . . . Unauthorized Hacks 12 | . 12 . Terminals 10 | . 10 . Track 1 | . 1 . Assimilate 1 | . 1 . Botnet 3 | . 3 . Skim 5 | . 5 . Fabricators . | . . . Repair Stations . | . . . Recycling Units 2 | . 2 . Tunnel 2 | . 2 . Scanalyzers . | . . . Garrison Access . | . . . Data Cores Recovered . | . . . Used . | . . . Hacking Detections 7 | . 7 . Full Trace Events 2 | . 2 . Feedback Events . | . . . Feedback Blocked . | . . . Robot Schematics Acquired . | . . . Robots Built . | . . . Authchips . | . . . Time . | . . . Total Robot Build Rating . | . . . Part Schematics Acquired . | . . . Parts Built . | . . . Authchips . | . . . Time . | . . . Total Part Build Rating . | . . . Part Studies Acquired . | . . . Parts Repaired . | . . . Time . | . . . Parts Recycled . | . . . Recycled Matter . | . . . Retrieved Matter . | . . . Retrieved Components . | . . . Parts Scanalyzed . | . . . Part Schematics Acquired . | . . . Parts Damaged . | . . . Bothacking | -11 -10 -10 ------------ Run | Yrd Mat Min Used RIF Installer . | . . . Robots Hacked . | . . . Non-combat . | . . . Combat . | . . . Robot Hacks Applied . | . . . Relay Couplers Released . | . . . Fabnet Peak Effective % . | . . . Robots Rewired . | . . . Allies Hacked . | . . . Hacks Repelled . | . . . Allies | -11 -10 -10 -------- Run | Yrd Mat Min Total Allies . | . . . Largest Group . | . . . Highest-Rated Group . | . . . Highest-Rated Ally . | . . . Total Orders . | . . . Ally Attacks . | . . . Total Damage . | . . . Kills . | . . . Allies Corrupted . | . . . Allies Melted . | . . . Intel | -11 -10 -10 ------- Run | Yrd Mat Min Active Infowar (turns) 97 | 20 77 . Seismic 97 | 20 77 . Robot Analysis Total 3 | . 3 . Derelict Logs Recovered 1 | . . 1 Drone Launches . | . . . Drone Recoveries . | . . . Exploration | -11 -10 -10 ------------- Run | Yrd Mat Min Turns Passed 1291 | 228 1047 16 Spaces Moved 662 | 96 554 12 Core 6 | 6 . . Treads 439 | 90 347 2 Legs . | . . . Wheels 217 | . 207 10 Hover . | . . . Flight . | . . . Fastest Speed 50 | 50 115 115 Average Speed 146 | 153 145 135 Slowest Speed 240 | 160 240 240 Overloaded Moves . | . . . Propulsion Burnouts . | . . . Robots Hopped . | . . . Potential Cave-ins . | . . . Cave-ins Triggered . | . . . Exploration Rate (%) 38 | 7 97 11 Regions Visited 2 Branch Regions 1 Pre-discovered Areas 2 | . 2 . Known Exits Taken . | . . . Unknown Exits Taken 2 | 1 1 . Scrap Searched . | . . . Spaces Dug . | . . . Terrain Destroyed . | . . . Melee . | . . . Projectile . | . . . AOE . | . . . Terrain Rammed . | . . . Walls Destroyed . | . . . Machines Disabled . | . . . Actions | -11 -10 -10 --------- Run | Yrd Mat Min Total 808 | 130 664 14 Wait 19 | . 19 . Move 660 | 95 553 12 Hop . | . . . Pick Up 11 | 1 10 . Fast Attach 12 | 7 5 . Attach 2 | . . 2 Detach 2 | . 2 . Swap 2 | . 2 . Drop 1 | . 1 . Fire 96 | 27 69 . Melee . | . . . Ram . | . . . Kick . | . . . Crush 3 | . 3 . Escape Stasis . | . . . Rewire . | . . . Trap . | . . . Miscellaneous . | . . . Route ------- -11/Scrapyard -10/Materials (discovered 5 exits: [*Mat x3] / [*Min x2]) -10/Mines (discovered 1 exit: [*Mat]) History --------- Turn | Location | Event 46 | -11/Scrapyard | Discovered new exit (range 16) 229 | -11/Scrapyard | Entered Materials 306 | -10/Materials | Build established: Mutant 562 | -10/Materials | Discovered new exit (range 12) 646 | -10/Materials | Discovered new exit (range 16) 871 | -10/Materials | Discovered new exit (range 10) 968 | -10/Materials | Discovered new exit (range 15) 1030 | -10/Materials | Core integrity fell below 50% 1161 | -10/Materials | Discovered new exit (range 16) 1276 | -10/Materials | Entered Mines 1284 | -10/Mines | Learned Materials garrison access intel 1285 | -10/Mines | Assembled infested the area 1286 | -10/Mines | Discovered new exit (range 10) 1288 | -10/Mines | Core integrity fell below 20% 1292 | -10/Mines | Destroyed by D-53 Grenadier with Mini Grenade Launcher Last Messages --------------- 01254_ Acquired Lgt. Armor Plating. 01257_ Extracted 1 energy. LOCATION=UNKNOWN GOAL=ESCAPE Something is scanning the area. 01284_ Acquired derelict log, extracted data. Data stored: Materials garrison access intel. 01285_ ALERT: Infestation in the mines, dispatching Demolisher response squad. 01286_ EXIT=FOUND 01287_ C-45 Heavy ARC bursts open, deploying its payload. 01287_ D-53 Grenadier unfolds itself. 01287_ Lgt. Treads destroyed. 01287_ Sml. Laser destroyed. 01287_ Seismic Survey Station disabled. 01288_ Ion Engine destroyed. 01288_ Com. Wheel destroyed. 01288_ Particle Gun destroyed. 01291_ The unstable cave ceiling collapses. Map ----- +----------------------------------------------------+ | | | | | | | | | | | | | | | | | | | | | ???????????????????????????????????????????? | | ???????????????????????????????????????????? | | ???????????????????????????????????????????? | | ??????????? ???????????????????????????????? | | ??????????? #??????????????????????????????? | | ???????????? ###???????????????????????????? | | ????????????? ###????????????????????????? | | ????????????? ##???????????????????????? | | ?????????????? ##??????????????????????? | | ??????????????? ####???????????????????? | | ???????????????# ####????????????????? | | ???????????##### "" ?????????????????? | | ???????????# #??????????????????? | | ???????????# # ##?????????????????? | | ???????????# d ##????????????????? | | ????????????# @ d #????????????????? | | ?????####??# < #????????????????? | | ??#### ### ##????????????????? | | ??# ## ##?????????????????? | | ?# """ ####??????????????????? | | ?# """ #####?????????????????????? | | ?# """ ## ??????????????????? | | ?# ### #####?????????????????????? | | ?## ##?# #?????????????????????????? | | ??### ##??# #?????????????????????????? | | ????# ##???# #?????????????????????????? | | ???# ?????# #?????????????????????????? | | ???# ?????# #?????????????????????????? | | ???## #?????# #?????????????????????????? | | ????# #??????# #?????????????????????????? | | ????# ???????? #?????????????????????????? | | ????# ????????? #?????????????????????????? | | ????# ????????? #?????????????????????????? | | ????# ?????????????????????????????????????? | | ????# ?????????????????????????????????????? | | ????? ?????????????????????????????????????? | | ???????????????????????????????????????????? | | ???????????????????????????????????????????? | | ???????????????????????????????????????????? | | ???????????????????????????????????????????? | +----------------------------------------------------+ Best States ------------- Heat Dissipation 35 Energy Generation 10 Energy Capacity 250 Matter Stores 300 Matter Capacity 300 Sight Range 16 Terrain Scan Density 10 Evasion (%) 40 Recoil Reduction 2 Item Schematics ----------------- None Robot Schematics ------------------ None Fabricated ------------ Nothing Repaired ---------- Nothing Studied --------- None Alien Tech Used ----------------- None Achievements -------------- None Challenges ------------ None Game ------ Seed HybridIonUnit Manual? 0 Play Time 00:07:36 Cumulative 515.0 hours Start 2025.11.05 @ 23:10:38 End 2025.11.05 @ 23:28:41 Sessions 1 Manual Loads 0 Difficulty Rogue Special Mode None Game No. 280 Rogue 280 Adventurer 0 Explorer 0 Win Type - Total 22 Types 13/1/5/1/0/0/0/1/1/0 Lore% 94 Gallery% 88 Achievement% 79 Wizard Run 0 Options --------- Layout 2 ASCII 0 Keyboard 1 Movement Vi Keybinds 0 Fullscreen 1 Font 28/Terminus Map View 50x52 Zoom Use 0% Tactical HUD 1 Map Filters NONE Filters NONE Steam 1 RUN: 3abe27e3-e42e-490d-8daf-06dd8b10f23d